 Dungeon Crawl Stone Soup version 0.28.0 (webtiles) character file.

Game seed: 11770999043833857298

2207 tilp the Frost Mage (level 9, -1/59 (65) HPs)
             Began as a Gnoll Ice Elementalist on Feb 13, 2022.
             Was an Initiate of Gozag.
             Slain by a wight (11 damage)
             ... on level 8 of the Dungeon.
             The game lasted 00:12:10 (10578 turns).

tilp the Frost Mage (Gnoll Ice Elementalist)       Turns: 10578, Time: 00:12:10

HP:   -1/59 (65)    AC:  7    Str: 10    XL:     9   Next: 34%
MP:   18/18         EV: 13    Int: 16    God:    Gozag
Gold: 32            SH:  0    Dex: 13    Spells: 11/21 levels left

rFire   + . .      SeeInvis .   a - +3 hand axe (venom)
rCold   . . .      Faith    .   (no shield)
rNeg    . . .      Spirit   .   o - +1 leather armour {rF+}
rPois   .          Reflect  .   (no helmet)
rElec   .          Harm     .   m - +0 cloak
rCorr   .          Rampage  .   k - +1 pair of gloves
Will    .....                   (no boots)
Stlth   +++.......              (no amulet)
HPRegen 0.19/turn               (no ring)
MPRegen 0.16/turn               (no ring)

@: drained, very slow
A: fangs 1, strong nose, distributed training
a: Renounce Religion, Potion Petition, Call Merchant, Bribe Branch


You were on level 8 of the Dungeon.
You worshipped Gozag.
Gozag was noncommittal.
You visited 2 branches of the dungeon, and saw 9 of its levels.

You collected 407 gold pieces.
You spent 254 gold pieces at shops.
You paid 121 gold pieces to Gozag.

Inventory:

Hand Weapons
 a - a +3 hand axe of venom (weapon)
Missiles
 e - 138 stones
 h - 8 poisoned darts (quivered)
 v - 4 boomerangs
 A - 2 throwing nets
Armour
 d - a +2 robe of positive energy
 k - a +1 pair of gloves (worn)
 m - a +0 cloak (worn)
 n - a +0 ring mail
 o - a +1 leather armour of fire resistance (worn)
Magical Staves
 p - a staff of death
 t - a staff of earth
Jewellery
 F - an amulet of guardian spirit
Wands
 w - a wand of digging (11)
 y - a wand of acid (5)
 B - a wand of charming (12)
 E - a wand of iceblast (7)
Scrolls
 j - 2 scrolls of teleportation
 z - a scroll of acquirement {unknown}
 C - 2 scrolls of identify
Potions
 b - 3 potions of mutation
 c - 3 potions of curing
 f - 3 potions of flight
 g - 2 potions of heal wounds {unknown}
 i - 2 potions of brilliance {unknown}
 l - a potion of degeneration {unknown}
 q - a potion of lignification {unknown}
 r - 2 potions of attraction {unknown}
 s - a potion of haste {unknown}
 u - a potion of resistance {unknown}
 x - a potion of magic {unknown}
 D - a potion of might {unknown}


   Skills:
 + Level 4.1 Fighting
 + Level 4.1 Short Blades
 + Level 4.1 Long Blades
 + Level 4.1 Axes
 + Level 4.1 Maces & Flails
 + Level 4.1 Polearms
 + Level 4.1 Staves
 + Level 4.1 Slings
 + Level 4.1 Bows
 + Level 4.1 Crossbows
 + Level 4.1 Throwing
 + Level 4.1 Armour
 + Level 6.2 Dodging
 + Level 6.0 Stealth
 + Level 4.1 Shields
 + Level 4.1 Unarmed Combat
 + Level 6.6 Spellcasting
 + Level 3.4 Conjurations
 + Level 3.4 Hexes
 + Level 3.4 Summonings
 + Level 3.4 Necromancy
 + Level 3.4 Translocations
 + Level 3.4 Transmutations
 + Level 3.4 Fire Magic
 + Level 8.0 Ice Magic
 + Level 3.4 Air Magic
 + Level 3.4 Earth Magic
 + Level 3.4 Poison Magic
 + Level 4.5 Invocations
 + Level 4.1 Evocations


You had 11 spell levels left.
You knew the following spells:

 Your Spells              Type           Power      Damage    Failure   Level
a - Freeze                Ice            100%       1d11      1%          1
b - Frozen Ramparts       Ice            60%        1d8       1%          3
c - Ozocubu's Armour      Ice            30%        N/A       1%          3
d - Stone Arrow           Conj/Erth      32%        3d9       13%         3

Your spell library contained the following spells:

 Spells                   Type           Power      Damage    Failure   Level
 Shock                    Conj/Air       64%        1d7       4%          1
 Swiftness                Air            16%        N/A       13%         3
 Hailstorm                Conj/Ice       23%        3d7       16%         4
 Airstrike                Air            8%         N/A       38%         4
 Animate Armour           Summ/Erth      32%        N/A       38%         4
 Lehudib's Crystal Spear  Conj/Erth      8%         10d3      100%        8


Dungeon Overview and Level Annotations

Branches:
Dungeon (8/15)             Temple (1/1) D:4
   Lair: D:8-11

Altars:
Ashenzari
Cheibriados
Dithmenos
Elyvilon
Fedhas
Gozag
Hepliaklqana
Kikubaaqudgha
Makhleb
Nemelex Xobeh
Okawaru
Qazlal
Ru
Trog
Uskayaw
Vehumet
Wu Jian
Xom
The Shining One

Shops:
D:3 *!![   D:4 =*   D:5 [   D:7 *


Innate Abilities, Weirdness & Mutations

You have very sharp teeth.
Your uncanny sense of smell can sniff out nearby items.
Your experience applies equally to all skills.


Message History

The wight closely misses you.
The wight hits you with a +2 great sword.
You feel drained.
The orc shouts! x2
The orc shouts!
You hit the wight but do no damage. x2; The wight barely misses you.
The wight hits you with a +2 great sword!
You feel drained. The wight hits you with a +0 battleaxe.
Unknown command.
A wight comes into view. It is wielding a +0 flail.
The wight hits you with a +2 great sword!
You feel drained.
You are too injured to fight recklessly!
You are too injured to fight recklessly!
You are too injured to fight recklessly!
You are too injured to fight recklessly!
You hit the wight.
The wight is lightly damaged.
The wight closely misses you.
The orc hits you from afar with a +0 trident!
* * * LOW HITPOINT WARNING * * *
The wight completely misses you.
You closely miss the wight.
The wight is lightly damaged.
The orc hits you but does no damage. The wight closely misses you.
The orc hits you from afar with a +0 trident.
* * * LOW HITPOINT WARNING * * *
You hit the wight.
The wight is moderately damaged.
The wight hits you with a +2 great sword.
* * * LOW HITPOINT WARNING * * *
Unknown command.
You closely miss the wight.
The wight is moderately damaged.
The wight closely misses you.
You completely miss the wight. You bite the wight, but do no damage.
The wight is moderately damaged.
The wight hits you with a +2 great sword!
You die...
Your body crumbles into a pile of gold.

....z.....## #.......
........... ####.#.....
....o.....# ..#..#.....
..........# #....##....
.....oo...# #.##.......
....oooz.# #.####.....
#.ooo..#####.##.......
.########o........#.....
.......@zo#.....###.....
###########.....# #.....
#.....# ##....
#.....##......
#........#####
#.....#### #.....#
#.....# #.....#


You could see a wight, an orc wizard and an orc.

Vanquished Creatures
  Eustachio (D:6)
  A black bear (D:4)
  An orc warrior (D:6)
  4 ice beasts
  A hornet zombie (D:7)
  An ogre (D:5)
  A centaur (D:6)
  3 phantoms
  A kobold brigand (D:5)
  A bullfrog (D:7)
  A gnoll sergeant (D:7)
  4 scorpions
  A water moccasin zombie (D:5)
  An electric eel (D:6)
  A hound (D:7)
  An orc priest (D:6)
  3 jellies
  A centaur skeleton (D:7)
  An iguana (D:6)
  An orc wizard (D:4)
  Terence (D:2)
  A hound zombie (D:5)
  2 howler monkey skeletons (D:5)
  5 gnolls (D:7)
  4 adders
  2 shadow imps
  3 ufetubi
  An adder zombie (D:5)
  3 worms
  8 dart slugs
  12 orcs
  7 ball pythons
  7 endoplasms
  8 goblins
  5 hobgoblins
  3 quokkas
  4 bats
  5 frilled lizards
  11 kobolds
  2 rats
124 creatures vanquished.

Vanquished Creatures (others)
  8 plants (D:6)
8 creatures vanquished.

Grand Total: 132 creatures vanquished

Notes
Turn   | Place    | Note
-------+----------+-------------------------------------------
     0 | D:1      | tilp the Gnoll Ice Elementalist began the quest for the
                  | Orb.
     0 | D:1      | Reached XP level 1. HP: 13/13 MP: 6/6
   239 | D:1      | Reached XP level 2. HP: 19/19 MP: 4/7
   974 | D:2      | Reached skill level 5 in Spellcasting
   974 | D:2      | Reached XP level 3. HP: 20/25 MP: 7/9
  1000 | D:2      | Learned a level 3 spell: Frozen Ramparts
  1060 | D:2      | Learned a level 3 spell: Stone Arrow
  1354 | D:2      | You fall into a shaft and drop 2 floors!
  1354 | D:4      | Found Vaprot's One-of-a-Kind Rings.
  1392 | D:4      | Reached skill level 1 in Invocations
  1641 | D:3      | Found Puagiry's General Store.
  1734 | D:3      | Reached skill level 1 in Fighting
  1734 | D:3      | Reached skill level 1 in Short Blades
  1734 | D:3      | Reached skill level 1 in Long Blades
  1734 | D:3      | Reached skill level 1 in Axes
  1734 | D:3      | Reached skill level 1 in Maces & Flails
  1734 | D:3      | Reached skill level 1 in Polearms
  1734 | D:3      | Reached skill level 1 in Staves
  1734 | D:3      | Reached skill level 1 in Slings
  1734 | D:3      | Reached skill level 1 in Bows
  1734 | D:3      | Reached skill level 1 in Crossbows
  1734 | D:3      | Reached skill level 1 in Throwing
  1734 | D:3      | Reached skill level 1 in Armour
  1734 | D:3      | Reached skill level 1 in Shields
  1734 | D:3      | Reached skill level 1 in Unarmed Combat
  1734 | D:3      | Reached skill level 1 in Evocations
  1912 | D:3      | Found Fosuleos's Antique Armour Emporium.
  1975 | D:3      | Found Ufurch Deno's Distillery.
  2049 | D:2      | Noticed Terence
  2056 | D:2      | Killed Terence
  2057 | D:2      | Reached XP level 4. HP: 24/32 MP: 6/11
  2419 | D:2      | Reached skill level 1 in Conjurations
  2419 | D:2      | Reached skill level 1 in Hexes
  2419 | D:2      | Reached skill level 1 in Summonings
  2419 | D:2      | Reached skill level 1 in Necromancy
  2419 | D:2      | Reached skill level 1 in Translocations
  2419 | D:2      | Reached skill level 1 in Transmutations
  2419 | D:2      | Reached skill level 1 in Fire Magic
  2419 | D:2      | Reached skill level 1 in Air Magic
  2419 | D:2      | Reached skill level 1 in Earth Magic
  2419 | D:2      | Reached skill level 1 in Poison Magic
  2677 | D:3      | Found Okuol's Distillery.
  2815 | D:3      | Bought a runed leather armour for 135 gold pieces
  3285 | D:3      | Found a faded altar of an unknown god.
  3569 | D:4      | Noticed a phantom
  3624 | D:4      | Found a staircase to the Ecumenical Temple.
  3631 | Temple   | Entered the Ecumenical Temple
  3859 | Temple   | Became a worshipper of Cheibriados the Contemplative
  3921 | D:4      | Noticed a scorpion
  3928 | D:4      | Reached XP level 5. HP: 20/37 MP: 12/12
  4258 | D:4      | Found Laynus's Elemental Accessories.
  4467 | D:4      | HP: 1/38 [phantom (5)]
  4468 | D:4      | Killed a phantom
  4469 | D:4      | Reached XP level 6. HP: 1/44 MP: 14/14
  5104 | D:4      | Noticed a black bear
  5109 | D:4      | Killed a black bear
  5110 | D:4      | Reached skill level 5 in Dodging
  5232 | D:3      | Bought a runed robe for 99 gold pieces
  5281 | D:5      | Entered Level 5 of the Dungeon
  5497 | D:5      | Found Biel's Antique Armour Emporium.
  5579 | D:5      | Reached XP level 7. HP: 24/51 MP: 11/15
  5880 | D:5      | Reached * piety under Cheibriados
  5912 | D:5      | Reached skill level 5 in Stealth
  6382 | D:5      | Reached XP level 8. HP: 15/57 MP: 16/16
  7055 | D:5      | Learned a level 3 spell: Ozocubu's Armour
  7858 | D:6      | Noticed Eustachio
  7873 | D:6      | Killed Eustachio
  9134 | D:7      | Reached XP level 9. HP: 60/65 MP: 18/18
  9140 | D:7      | Reached ** piety under Cheibriados
  9309 | D:7      | Found Iroulol's Assorted Antiques.
  9312 | D:7      | Bought a white potion for 20 gold pieces
 10393 | Temple   | Fell from the grace of Cheibriados
 10393 | Temple   | Became a worshipper of Gozag Ym Sagoz the Greedy
 10505 | D:8      | Reached skill level 8 in Ice Magic
 10578 | D:8      | Slain by a wight

Illustrated notes

Levels and vault maps discovered:
D:1:      eino_arrival_water_cross, layout_loops_ring, corexii_leaking_fountain
D:2:      layout_loops_ring, kennysheep_generic_room_15, uniq_terence
D:3:      layout_basic, serial_shops, nicolae_lakefront_shop, shop_statue,
          nicolae_diamond_shop, nicolae_shop_advertising_works
          [nicolae_subvault_shop_adworks],
          hellmonk_ecumenical_altar_inner_sanctum
D:4:      layout_basic, minmay_temple_entry_grid, nicolae_elemental_shop,
          nicolae_shop_unique_rings
D:5:      layout_loops_ring, serial_shops, nicolae_diamond_shop,
          minmay_diced_spiral
D:6:      layout_basic, serial_bayou_lake_a, uniq_eustachio
D:7:      nicolae_BIG_FREAKIN_CUBE, layout_cave_pools, serial_shops,
          kennysheep_mini_moat
D:8:      layout_rooms
Temple:   mainiacjoe_temple_bowtie_tessellation

Skill      XL: |  1  2  3  4  5  6  7  8  9 |
---------------+----------------------------+-----
Spellcasting   | 5 6 |  6.6
Invocations    | 1 2 3 4 |  4.5
Fighting       | 1 2 3 4 |  4.1
Short Blades   | 1 2 3 4 |  4.1
Long Blades    | 1 2 3 4 |  4.1
Axes           | 1 2 3 4 |  4.1
Maces & Flails | 1 2 3 4 |  4.1
Polearms       | 1 2 3 4 |  4.1
Staves         | 1 2 3 4 |  4.1
Slings         | 1 2 3 4 |  4.1
Bows           | 1 2 3 4 |  4.1
Crossbows      | 1 2 3 4 |  4.1
Throwing       | 1 2 3 4 |  4.1
Armour         | 1 2 3 4 |  4.1
Shields        | 1 2 3 4 |  4.1
Unarmed Combat | 1 2 3 4 |  4.1
Evocations     | 1 2 3 4 |  4.1
Conjurations   | 1 2 3 |  3.4
Hexes          | 1 2 3 |  3.4
Summonings     | 1 2 3 |  3.4
Necromancy     | 1 2 3 |  3.4
Translocations | 1 2 3 |  3.4
Transmutations | 1 2 3 |  3.4
Fire Magic     | 1 2 3 |  3.4
Air Magic      | 1 2 3 |  3.4
Earth Magic    | 1 2 3 |  3.4
Poison Magic   | 1 2 3 |  3.4
Dodging        | 5 6 |  6.2
Stealth        | 5 6 |  6.0
Ice Magic      | 8 |  8.0

Action                   |  1- 3 |  4- 6 |  7- 9 || total
-------------------------+-------+-------+-------++-------
Melee: Mace              |    36 |       |       ||    36
       Bite              |     4 |    13 |    42 ||    59
       Dagger            |     6 |    18 |       ||    24
       Hand axe          |       |    76 |   239 ||   315
       Punch             |       |       |     6 ||     6
 Cast: Freeze            |    32 |    11 |     1 ||    44
       Frozen Ramparts   |     2 |     3 |     6 ||    11
       Stone Arrow       |       |       |     7 ||     7
       Ozocubu's Armour  |       |       |     1 ||     1
  Use: Scroll            |     3 |     3 |     5 ||    11
       Potion            |       |     2 |       ||     2
 Stab: Sleeping          |     3 |     4 |    11 ||    18
Armor: Robe              |    17 |       |       ||    17
       Leather armour    |       |    26 |    67 ||    93
       Ring mail         |       |     5 |       ||     5
Dodge: Dodged            |    47 |    61 |   174 ||   282
